 Dungeon Crawl Stone Soup version 0.18-a0-717-g59c076b (webtiles) character file.

986 Proton the Shield-Bearer (level 8, -9/62 HPs)
             Began as a Formicid Fighter on Dec 8, 2015.
             Was a Priest of Ru.
             Killed from afar by an orc (14 damage)
             ... with a wand of cold
             ... on level 3 of the Dungeon.
             The game lasted 00:10:05 (4468 turns).

Proton the Shield-Bearer (Formicid Fighter)         Turns: 4468, Time: 00:10:05

Health: -9/62      AC:  8    Str: 23    XL:     8   Next: 41%
Magic:  8/8        EV: 11    Int:  8    God:    Ru [***...]
Gold:   197        SH: 10    Dex: 10    Spells: 0 memorised, 7 levels left

rFire  . . .     SeeInvis +     a - +0 war axe
rCold  . . .     Clarity  .     s - +0 ring mail "Hadeuzem" {*Confuse rN+ Regen+ SInv}
rNeg   + + .     SustAt   .     c - +0 shield
rPois  +         Gourm    .     (helmet unavailable)
rElec  .         Spirit   .     m - +0 cloak {rPois}
rCorr  .         Dismiss  .     (no gloves)
rMut   .         Stasis   +     h - +0 pair of boots
MR     .....                    (no amulet)
Stlth  ..........               (no ring)
                                i - ring of positive energy

@: not resistant to hostile enchantments, extremely unstealthy
A: permanent stasis, dig shafts and tunnels, four strong arms, antennae 3,
inability to use devices
a: Dig, Shaft Self, Draw Out Power, Renounce Religion


You were on level 3 of the Dungeon.
You worshipped Ru.
Ru was most pleased with you.
You were not hungry.

You visited 1 branch of the dungeon, and saw 5 of its levels.
You also visited: Sewer.

You collected 197 gold pieces.

Inventory:

Hand Weapons
 a - a +0 war axe (weapon)
Armour
 c - a +0 shield (worn)
 h - a +0 pair of boots (worn)
 m - a +0 cloak of poison resistance (worn)
 s - the +0 ring mail "Hadeuzem" (worn) {*Confuse rN+ Regen+ SInv}
   (You found it on level 4 of the Dungeon)

   It protects you from negative energy.
   It lets you see invisible.
   It increases your rate of regeneration.
   It may confuse you when you take damage.
Jewellery
 i - a ring of positive energy (left hand)
Scrolls
 f - a scroll of enchant armour
 g - a scroll of identify
 k - a scroll of random uselessness
 l - a scroll of amnesia
 n - a scroll of noise {unknown}
 p - a scroll of teleportation {unknown}
 r - a scroll of immolation {unknown}
Potions
 b - 2 potions of magic {unknown}
 d - a potion of might
 o - a potion of beneficial mutation {unknown}
Comestibles
 e - a bread ration
 j - a beef jerky


   Skills:
 + Level 5.1 Fighting
 * Level 5.2 Axes
 + Level 5.4 Armour
 + Level 3.3 Dodging
 + Level 5.9 Shields


You had 7 spell levels left.
You didn't know any spells.

Dungeon Overview and Level Annotations

Branches:
Dungeon (5/15)
 Temple: D:4-7

Altars:
Ashenzari
Dithmenos
Makhleb
Nemelex Xobeh
Okawaru
Qazlal
Ru
Trog
Vehumet
Xom
The Shining One


Innate Abilities, Weirdness & Mutations

You are under a permanent stasis effect.
You can dig through walls and to a lower floor.
Your four strong arms can wield two-handed weapons with a shield.
You have a pair of large antennae on your head (SInv).
You cannot study or use magical devices.


Message History

a dagger; a scale mail; an orc corpse You closely miss the orc.
The orc zaps a wand.
The bolt of cold hits you!
You completely miss the orc. You hit the orc priest.
The orc priest is heavily wounded.
The orc is no longer moving slowly.
You block the orc priest's attack.
The orc zaps a wand.
The bolt of cold misses you.
The orc priest invokes the aid of Beogh against you.
Pain shoots through your body!
* * * LOW HITPOINT WARNING * * *
The orc priest calls down the wrath of Beogh upon you.
You struggle to resist.
There is a stone staircase leading up here.
The orc priest looks braver for a moment.
The orc zaps a wand.
The bolt of cold hits you!
* * * LOW HITPOINT WARNING * * *
You focus your will and slow the orc in retribution!
You climb upwards.
There is a stone staircase leading down here.
The orc zaps a wand.
The bolt of cold hits you!
You die...

.#.# .#.# .#.###
####≈##
≈≈≈≈≈≈############
###≈≈≈#.........>#
≈≈##≈###########o#
≈.≈#≈# #.# ≈≈≈#≈#
#@# ≈÷##≈## #.#
≈≈#≈≈≈# #.#
≈≈≈≈≈≈# #.#
####≈## #.# ..####
#.# (###.# ##.##
.# #.##### #...#
.# #.....#
###...###


You could see an orc.

Vanquished Creatures
  An ice beast (D:4)
  3 ogres
  A giant frog (Sewer)
  3 crimson imps
  Crazy Yiuf (D:2)
  2 orc wizards (D:3)
  A hound (D:4)
  A centaur skeleton (D:4)
  A worker ant (D:4)
  An iguana (D:4)
  A river rat (D:3)
  10 adders
  5 gnolls
  An ooze (D:1)
  5 worms (D:2)
  11 orcs
  11 bats
  12 giant cockroaches
  8 goblins
  7 hobgoblins
  3 quokkas
  3 ball pythons (Sewer)
  2 giant geckos
  10 giant newts
  5 jackals
  9 kobolds
  13 rats
131 creatures vanquished.

Vanquished Creatures (others)
  An adder (D:5)
  An orc (D:4)
2 creatures vanquished.

Grand Total: 133 creatures vanquished

Notes
Turn   | Place    | Note
--------------------------------------------------------------
     0 | D:1      | Proton the Formicid Fighter began the quest for the Orb.
     0 | D:1      | Reached XP level 1. HP: 18/18 MP: 1/1
   131 | D:1      | Reached XP level 2. HP: 8/24 MP: 2/2
   383 | D:1      | Reached XP level 3. HP: 27/29 MP: 3/3
   438 | D:1      | Reached skill level 1 in Dodging
   874 | D:2      | Reached XP level 4. HP: 29/37 MP: 4/4
   991 | D:2      | Reached skill level 4 in Armour
  1017 | D:2      | Found a radiant altar of Vehumet.
  1020 | D:2      | Found a stormy altar of Qazlal.
  1030 | D:2      | Found a glowing golden altar of the Shining One.
  1033 | D:2      | Found a shattered altar of Ashenzari.
  1067 | D:2      | Found a shadowy altar of Dithmenos.
  1086 | D:2      | Found a sacrificial altar of Ru.
  1196 | D:2      | Became a worshipper of Ru the Awakened
  1476 | D:2      | Reached XP level 5. HP: 42/42 MP: 5/5
  1775 | D:2      | Noticed Crazy Yiuf
  1800 | D:2      | HP: 2/42 [Crazy Yiuf/quarterstaff of chaos (2)]
  1803 | D:2      | Killed Crazy Yiuf
  2430 | D:3      | Found a glowing drain.
  2471 | D:3      | HP: 2/42 [poisoned by an adder]
  2476 | D:3      | HP: 1/42 [poisoned by an adder]
  2678 | Sewer    | Entered a sewer
  2715 | Sewer    | Reached XP level 6. HP: 48/48 MP: 6/6
  3221 | D:3      | Gained mutation: You cannot study or use magical devices. [Ru sacrifice]
  3221 | D:3      | Reached * piety under Ru
  3221 | D:3      | Reached ** piety under Ru
  3221 | D:3      | Reached *** piety under Ru
  3279 | D:3      | Found a bloodstained altar of Trog.
  3326 | D:3      | Found a sparkling altar of Nemelex Xobeh.
  3525 | D:3      | Reached skill level 5 in Shields
  3525 | D:3      | Reached XP level 7. HP: 51/55 MP: 7/7
  3701 | D:3      | Found an iron altar of Okawaru.
  3971 | D:4      | Got a heavily runed ring mail
  3989 | D:4      | Identified the +0 ring mail "Hadeuzem" {*Confuse rN+ Regen+ SInv} (You found it on level 4 of the Dungeon)
  4104 | D:4      | Reached skill level 5 in Armour
  4157 | D:4      | Reached XP level 8. HP: 36/61 MP: 8/8
  4208 | D:5      | Entered Level 5 of the Dungeon
  4226 | D:5      | Reached skill level 5 in Fighting
  4226 | D:5      | Reached skill level 5 in Axes
  4380 | D:4      | Found a shimmering altar of Xom.
  4380 | D:4      | Found a burning altar of Makhleb.
  4464 | D:4      | HP: 2/62 [orc/wand of cold (12)]
  4468 | D:3      | Killed from afar by an orc

Vault maps used:
D:1:      lightli_iron_boxes
D:2:      nicolae_overflow_hidden_temple, grunt_temple_overflow_cloverleaf,
          minmay_strange_pillars, uniq_crazy_yiuf_cottage
D:3:      lemuel_crystal_altar, nemelex_deck, lemuel_coloured_pillars_altar,
          first_bread, gup_sewer_entry_bubbles
D:4:      grunt_temple_overflow_champion_of_chaos
D:5:      uniq_menkaure, uniq_sigmund, uniq_blork_the_orc, uniq_grinder
Sewer:    sewer_frog_island_01

Action                   |  1- 3 |  4- 6 |  7- 9 || total
-------------------------+-------+-------+-------++-------
Melee: War axe           |    89 |   358 |   133 ||   580
Invok: Sacrifice Artific |       |     1 |       ||     1
 Abil: Dig               |       |     1 |       ||     1
  Use: Potion            |       |     3 |       ||     3
       Scroll            |       |       |     5 ||     5
 Stab: Invisible         |       |       |     1 ||     1
  Eat: Bread ration      |       |     1 |     1 ||     2
       Meat ration       |       |     1 |       ||     1
